Description

1 1 1 Eco with Harass

Build Order

Get SALT Encoding   

  14  0:26  Supply Depot  
  15  0:59  Barracks  @depot
  15  1:06  Refinery  <
  19  2:11  Reaper, Orbital Command  @rax, <
  19  2:32  Command Center  <
  19  2:41  Refinery  <
  21  2:51  Supply Depot  <
  21  3:12  Barracks Reactor  @reaper
  21  3:24  Factory  <
  23  4:13  Starport  @factory build tech lab on factory
  23  4:30  Orbital Command  <
  24  4:38  Marine  @reactor Constant Marines
  24  5:05  Engineering Bay  
  24  5:09  Engineering Bay  
  25  5:29  Starport Reactor  
  25  6:07  Siege Tank  Vikings + Tanks > send to enemies
  26  7:06  Barracks  
  26  7:08  Barracks  
  26  7:10  Barracks  
  28  7:43  Orbital Command  3rd CC
  27  8:24  Barracks Tech Lab x2  
Spawning Tool Build Advisor. Get it on Overwolf

Go to:

Details

  • Created by: GuitarMusashi616
  • Published on: Sep 25, 2016
  • Modified on: Feb 28, 2019
  • Patch: Pre-3.8.0
Show
View Real Time Build Order
Export as new Build Order

Comments (1)

On Sept. 25, 2016, 5:29 p.m., Sidrahlin  said:

Great write on this build. I really like it that it's a all-match up build and how it can get you a strong economy when against the enemy. I look forward to trying this out on the ladder! The only question I have is: Given that its a build against all 3 races, would it be good to go maybe banshee instead of Viking if you are going against Protoss or not really a good idea? Like stick with the core of the build? Either way, great build.

Create an account to comment!